General information
- name: BNet
- type: Ladder team game (AT/RT)
- host: Battle.net
- saver: 13fr6
map: Deadlands
- players: 8
- length: 24:03
- speed: Fast
- version: 1.27 W3XP
- replay type: Public
» download(194 KB)
Players
team 1 (loser)
olokiolo2 (
yellow | 101 APM | 2406 actions | 23:43)
6 Firelord
3 Summon Lava Spawn
2 Incinerate
1 Volcano
» actions
| Assign group hotkey | 26 | |
| Basic commands | 1 | |
| Build / train | 92 | |
| ESC pressed | 14 | |
| Enter build submenu | 30 | |
| Enter hero's abilities submenu | 6 | |
| Right click | 1159 | |
| Select / deselect | 476 | |
| Select group hotkey | 529 | |
| Use ability | 73 | |
2406 total
» units
| Wisp | 34 | |
| Archer | 7 | |
| Huntress | 7 | |
| Druid of the Claw | 7 | |
| Dryad | 4 | |
| Mountain Giant | 2 | |
61 total
» upgrades
| Improved Bows | 1 | |
| Reinforced Hides | 3 | |
| Ultravision | 1 | |
| Nature's Blessing | 1 | |
| Strength of the Wild | 2 | |
| Abolish Magic | 1 | |
| Druid of the Claw Training | 2 | |
| Sentinel | 1 | |
| Hardened Skin | 1 | |
| Resistant Skin | 1 | |
| Mark of the Claw | 1 | |
| Well Spring | 1 | |
16 total
» buildings
| Moon Well | 9 | |
| Ancient of War | 2 | |
| Altar of Elders | 1 | |
| Ancient of Wonders | 1 | |
| Tree of Life | 2 | |
| Tree of Ages | 1 | |
| Hunter's Hall | 1 | |
| Ancient of Lore | 2 | |
| Ancient Protector | 5 | |
| Tree of Eternity | 1 | |
25 total
» build order
00:45 Moon Well
00:51 Moon Well
01:05 Ancient of War
01:08 Ancient of War
02:12 Altar of Elders
02:31 Ancient of Wonders
04:23 Tree of Life
05:16 Tree of Ages
06:30 Hunter's Hall
09:20 Ancient of Lore
09:24 Ancient of Lore
09:35 Ancient Protector
09:39 Ancient Protector
09:41 Ancient Protector
09:48 Moon Well
09:55 Moon Well
09:56 Moon Well
09:57 Moon Well
10:04 Moon Well
13:41 Moon Well
13:42 Tree of Eternity
14:24 Ancient Protector
17:26 Moon Well
17:30 Ancient Protector
20:59 Tree of Life
» items
| Staff of Preservation | 1 | |
| Moonstone | 1 | |
| Scroll of Town Portal | 2 | |
| Orb of Venom | 1 | |
5 total

»
Unwiderstehlich (
red | 41 APM | 995 actions | 24:02)
4 Archmage
1 Summon Water Elemental
1 Brilliance Aura
2 Blizzard
3 Paladin
2 Holy Light
1 Divine Shield
» actions
| Build / train | 67 | |
| Enter build submenu | 19 | |
| Enter hero's abilities submenu | 7 | |
| Remove unit from queue | 2 | |
| Right click | 517 | |
| Select / deselect | 338 | |
| Use ability | 45 | |
995 total
» units
| Peasant | 10 | |
| Rifleman | 7 | |
| Mortar Team | 8 | |
| Gryphon Rider | 9 | |
| Dragonhawk Rider | -1 | |
| Siege Engine | 1 | |
34 total
» upgrades
| Masonry | 1 | |
| Gunpowder | 2 | |
| Armor | 1 | |
| Lumber Harvesting | 1 | |
| Fragmentation Shards | 1 | |
| Swords | 1 | |
| Storm Hammers | 1 | |
| Barrage | 1 | |
9 total
» buildings
| Barracks | 1 | |
| Altar of Kings | 1 | |
| Farm | 10 | |
| Lumber Mill | 1 | |
| Scout Tower | 3 | |
| Guard Tower | 3 | |
| Blacksmith | 1 | |
| Keep | 1 | |
| Arcane Vault | 1 | |
| Workshop | 2 | |
| Castle | 1 | |
| Town Hall | 2 | |
| Gryphon Aviary | 2 | |
29 total
» build order
00:31 Barracks
00:40 Altar of Kings
00:53 Farm
00:55 Farm
01:42 Lumber Mill
02:08 Farm
02:09 Farm
02:53 Scout Tower
02:54 Scout Tower
02:56 Scout Tower
03:22 Guard Tower
03:29 Blacksmith
03:47 Guard Tower
04:10 Keep
04:19 Guard Tower
05:03 Arcane Vault
06:59 Workshop
07:06 Workshop
07:31 Castle
08:27 Farm
08:30 Farm
08:34 Farm
08:36 Farm
08:37 Farm
08:38 Farm
09:43 Town Hall
14:35 Town Hall
15:54 Gryphon Aviary
16:20 Gryphon Aviary
» items
| Scroll of Town Portal | 3 | |
| Periapt of Vitality | 1 | |
| Scroll of Regeneration | 2 | |
6 total
decoy (
orange | 46 APM | 1112 actions | 23:57)
3 Priestess of the Moon
1 Searing Arrows
2 Trueshot Aura
2 Keeper of the Grove
1 Entangling Roots
1 Thorns Aura
» actions
| Assign group hotkey | 17 | |
| Basic commands | 8 | |
| Build / train | 97 | |
| Enter build submenu | 18 | |
| Enter hero's abilities submenu | 6 | |
| Remove unit from queue | 11 | |
| Right click | 430 | |
| Select / deselect | 427 | |
| Select group hotkey | 42 | |
| Use ability | 56 | |
1112 total
» units
| Wisp | 17 | |
| Huntress | 33 | |
| Druid of the Talon | 2 | |
| Archer | 3 | |
55 total
» upgrades
| Ultravision | 1 | |
| Strength of the Moon | 3 | |
| Moon Armor | 2 | |
| Druid of the Talon Training | 2 | |
| Upgrade Moon Glaive | 1 | |
| Marksmanship | 1 | |
| Improved Bows | 1 | |
| Mark of the Talon | 1 | |
12 total
» buildings
| Moon Well | 6 | |
| Altar of Elders | 1 | |
| Hunter's Hall | 1 | |
| Ancient of War | 2 | |
| Tree of Ages | 1 | |
| Tree of Eternity | 1 | |
| Ancient of Wind | 3 | |
| Tree of Life | 1 | |
16 total
» build order
00:19 Moon Well
01:20 Altar of Elders
01:45 Hunter's Hall
01:56 Ancient of War
01:57 Ancient of War
02:20 Moon Well
02:40 Moon Well
03:43 Moon Well
03:58 Moon Well
05:15 Tree of Ages
08:38 Moon Well
10:05 Tree of Eternity
10:10 Ancient of Wind
10:16 Ancient of Wind
10:28 Ancient of Wind
17:14 Tree of Life
lesnick (
green | 51 APM | 1214 actions | 24:00)
4 Blademaster
1 Wind Walk
1 Mirror Image
2 Critical Strike
» actions
| Build / train | 71 | |
| Enter build submenu | 26 | |
| Enter hero's abilities submenu | 4 | |
| Remove unit from queue | 6 | |
| Right click | 682 | |
| Select / deselect | 388 | |
| Use ability | 37 | |
1214 total
» units
| Peon | 15 | |
| Grunt | 13 | |
| Troll Headhunter/Berserker | 8 | |
| Troll Batrider | 15 | |
| Kodo Beast | 1 | |
| Raider | 1 | |
53 total
» upgrades
| Ranged Weapons | 1 | |
| Armor | 1 | |
| Liquid Fire | 1 | |
| War Drums Damage Increase | 1 | |
| Ensnare | 1 | |
5 total
» buildings
| Altar of Storms | 1 | |
| Orc Burrow | 8 | |
| Barracks | 1 | |
| War Mill | 1 | |
| Stronghold | 1 | |
| Beastiary | 2 | |
| Watch Tower | 6 | |
| Voodoo Lounge | 1 | |
| Great Hall | 2 | |
| Fortress | 1 | |
24 total
» build order
00:49 Altar of Storms
01:24 Orc Burrow
01:55 Barracks
01:59 Orc Burrow
02:27 War Mill
03:02 Orc Burrow
03:54 Stronghold
06:28 Beastiary
06:44 Beastiary
07:54 Watch Tower
08:03 Voodoo Lounge
08:35 Watch Tower
09:00 Watch Tower
09:19 Watch Tower
12:02 Orc Burrow
12:06 Orc Burrow
13:01 Orc Burrow
13:08 Great Hall
13:16 Fortress
13:57 Orc Burrow
16:34 Orc Burrow
17:32 Great Hall
21:07 Watch Tower
22:43 Watch Tower
team 2 (winner)
shakira (
teal | 88 APM | 2128 actions | 24:03)
6 Priestess of the Moon
3 Trueshot Aura
2 Searing Arrows
1 Starfall
3 Keeper of the Grove
2 Entangling Roots
1 Thorns Aura
» actions
| Assign group hotkey | 20 | |
| Build / train | 83 | |
| Enter build submenu | 25 | |
| Enter hero's abilities submenu | 9 | |
| Give item / drop item | 3 | |
| Remove unit from queue | 3 | |
| Right click | 1160 | |
| Select / deselect | 213 | |
| Select group hotkey | 560 | |
| Use ability | 52 | |
2128 total
» units
| Wisp | 33 | |
| Archer | 14 | |
| Druid of the Talon | 4 | |
| Hippogryph | 1 | |
52 total
» upgrades
| Strength of the Moon | 2 | |
| Moon Armor | 1 | |
| Nature's Blessing | 1 | |
| Hippogryph Taming | 1 | |
| Improved Bows | 1 | |
| Druid of the Talon Training | 1 | |
| Ultravision | 1 | |
8 total
» buildings
| Moon Well | 5 | |
| Ancient of War | 4 | |
| Altar of Elders | 1 | |
| Hunter's Hall | 1 | |
| Ancient of Wonders | 1 | |
| Tree of Ages | 3 | |
| Ancient Protector | 8 | |
| Tree of Life | 4 | |
| Ancient of Wind | 1 | |
28 total
» build order
00:36 Moon Well
01:14 Ancient of War
01:22 Ancient of War
01:31 Altar of Elders
01:42 Moon Well
02:35 Moon Well
02:47 Hunter's Hall
03:00 Ancient of Wonders
03:17 Tree of Ages
05:27 Ancient Protector
05:48 Ancient Protector
05:52 Tree of Life
06:48 Tree of Life
06:52 Ancient of Wind
10:51 Moon Well
11:01 Moon Well
12:48 Tree of Ages
13:15 Ancient Protector
13:16 Ancient Protector
13:16 Ancient Protector
13:38 Ancient Protector
13:56 Ancient of War
14:39 Ancient of War
15:46 Tree of Life
17:01 Tree of Life
22:09 Ancient Protector
22:18 Ancient Protector
22:25 Tree of Ages
» items
| Scroll of Town Portal | 1 | |
| Scroll of Protection | 2 | |
| Potion of Lesser Invulnerability | 1 | |
| Periapt of Vitality | 1 | |
| Healing Salve | 1 | |
| Scroll of Speed | 1 | |
| Orb of Lightning | 1 | |
8 total
13fr6 (
pink | 59 APM | 1427 actions | 24:03)
5 Archmage
3 Blizzard
2 Brilliance Aura
5 Blood Mage
3 Flame Strike
2 Siphon Mana
» actions
| Assign group hotkey | 27 | |
| Basic commands | 24 | |
| Build / train | 99 | |
| Enter build submenu | 36 | |
| Enter hero's abilities submenu | 10 | |
| Remove unit from queue | 5 | |
| Right click | 644 | |
| Select / deselect | 271 | |
| Select group hotkey | 158 | |
| Use ability | 153 | |
1427 total
» units
| Peasant | 19 | |
| Mortar Team | 7 | |
| Flying Machine | 1 | |
27 total
» upgrades
| Masonry | 3 | |
| Gunpowder | 3 | |
| Plating | 1 | |
| Fragmentation Shards | 1 | |
| Flare | 1 | |
| Lumber Harvesting | 1 | |
| Armor | 2 | |
| Flak Cannons | 0 | |
| Barrage | 1 | |
13 total
» buildings
| Lumber Mill | 2 | |
| Farm | 10 | |
| Altar of Kings | 1 | |
| Scout Tower | 12 | |
| Arcane Vault | 1 | |
| Guard Tower | 8 | |
| Keep | 4 | |
| Town Hall | 1 | |
| Castle | 2 | |
| Blacksmith | 2 | |
| Workshop | 7 | |
50 total
» build order
00:26 Lumber Mill
00:41 Lumber Mill
00:59 Farm
01:14 Altar of Kings
01:25 Scout Tower
01:38 Farm
01:42 Arcane Vault
02:00 Scout Tower
02:04 Guard Tower
02:04 Guard Tower
02:29 Scout Tower
02:31 Guard Tower
02:35 Farm
04:39 Keep
04:39 Keep
05:04 Town Hall
05:06 Scout Tower
05:07 Scout Tower
05:09 Scout Tower
05:11 Scout Tower
05:49 Guard Tower
08:04 Castle
08:07 Blacksmith
08:09 Blacksmith
08:10 Guard Tower
09:50 Workshop
09:52 Workshop
09:58 Workshop
10:00 Workshop
10:03 Workshop
10:06 Workshop
10:32 Workshop
11:55 Farm
11:57 Farm
12:35 Farm
13:09 Farm
13:24 Scout Tower
13:25 Scout Tower
13:26 Scout Tower
13:27 Scout Tower
13:29 Scout Tower
13:44 Farm
14:27 Guard Tower
15:56 Farm
15:57 Guard Tower
20:54 Farm
» items
| Staff of Preservation | 1 | |
| Scroll of Town Portal | 5 | |
| Scroll of Regeneration | 4 | |
| Potion of Healing | 5 | |
| Potion of Mana | 4 | |
| Lesser Clarity Potion | 1 | |
| Staff of Sanctuary | 1 | |
21 total
Dark_destroy (
purple | 56 APM | 1345 actions | 24:03)
6 Shadow Hunter
3 Hex
2 Healing Wave
1 Big Bad Voodoo
» actions
| Basic commands | 7 | |
| Build / train | 106 | |
| Enter build submenu | 17 | |
| Enter hero's abilities submenu | 6 | |
| Remove unit from queue | 11 | |
| Right click | 792 | |
| Select / deselect | 314 | |
| Use ability | 91 | |
1345 total
» units
| Peon | 11 | |
| Troll Headhunter/Berserker | 18 | |
| Demolisher | 8 | |
| Draenei Darkslayer | 4 | |
| Shaman | 3 | |
| Wind Rider | 2 | |
46 total
» upgrades
| Ranged Weapons | 3 | |
| Troll Regeneration | 1 | |
| Berserker Upgrade | 1 | |
| Shaman Training | 2 | |
7 total
» buildings
| Orc Burrow | 5 | |
| Altar of Storms | 1 | |
| Barracks | 3 | |
| War Mill | 1 | |
| Stronghold | 3 | |
| Fortress | 2 | |
| Spirit Lodge | 1 | |
| Voodoo Lounge | 1 | |
| Beastiary | 1 | |
| Watch Tower | 3 | |
21 total
» build order
00:31 Orc Burrow
03:27 Altar of Storms
03:35 Barracks
03:42 Orc Burrow
03:47 Orc Burrow
04:03 Barracks
04:30 War Mill
05:21 Orc Burrow
05:24 Stronghold
05:24 Stronghold
07:15 Orc Burrow
09:35 Barracks
10:05 Fortress
10:05 Fortress
10:09 Spirit Lodge
10:16 Voodoo Lounge
18:55 Beastiary
19:43 Watch Tower
20:47 Watch Tower
22:02 Watch Tower
» items
| Dust of Appearance | 1 | |
| Circlet of Nobility | 1 | |
| Healing Salve | 3 | |
| Lesser Clarity Potion | 4 | |
| Scroll of Speed | 5 | |
| Scroll of Town Portal | 1 | |
| Scroll of Protection | 1 | |
16 total

»
TReNVaR (
blue | 56 APM | 1343 actions | 24:03)
6 Far Seer
3 Feral Spirit
3 Chain Lighting
3 Pandaren Brewmaster
2 Breath of Fire
1 Drunken Brawler
» actions
| Build / train | 74 | |
| Enter build submenu | 22 | |
| Enter hero's abilities submenu | 9 | |
| Right click | 876 | |
| Select / deselect | 307 | |
| Use ability | 55 | |
1343 total
» units
| Peon | 24 | |
| Grunt | 7 | |
| Troll Headhunter/Berserker | 6 | |
| Wind Rider | 10 | |
47 total
» upgrades
| Armor | 3 | |
| Berserker Strength | 1 | |
| Troll Regeneration | 1 | |
| Melee Weapons | 1 | |
| Ranged Weapons | 3 | |
| Spiked Barricades | 1 | |
| Envenomed Spears | 1 | |
11 total
» buildings
| Altar of Storms | 1 | |
| Barracks | 2 | |
| Orc Burrow | 5 | |
| War Mill | 1 | |
| Voodoo Lounge | 1 | |
| Stronghold | 1 | |
| Beastiary | 2 | |
| Fortress | 1 | |
| Great Hall | 5 | |
| Watch Tower | 3 | |
22 total
» build order
00:09 Altar of Storms
00:14 Barracks
00:23 Orc Burrow
01:52 Orc Burrow
02:12 War Mill
03:04 Voodoo Lounge
03:36 Orc Burrow
04:31 Stronghold
05:24 Orc Burrow
06:58 Beastiary
07:00 Beastiary
07:07 Barracks
07:13 Orc Burrow
09:18 Fortress
11:19 Great Hall
14:28 Great Hall
14:43 Watch Tower
14:57 Watch Tower
15:25 Watch Tower
18:16 Great Hall
19:46 Great Hall
20:53 Great Hall
Chat log
(00:36 / All) 13fr6: EVERYBODI DANSE DANSE NOOW
(00:49 / All) decoy: Boi
(00:56 / All) decoy: I'm dancing
(01:11 / All) 13fr6: IM CAANADIAN SO I BUILD 2 LUMBER MILLS IN HONOR OF THE SOFTWOOD LUMBER DISPUTE
(01:50 / Allies) 13fr6: GONNA AM HARRASS W DA BLIZZAAARD
(01:52 / Allies) 13fr6: WHOS WITH ME
(02:24 / Allies) 13fr6: purp i hope your just feeding me or i wouldnt feel special
(02:47 / Allies) 13fr6: ok if purp is feeding then new strategys
(02:56 / Allies) 13fr6: purp feed the hell out of me im the best
(03:14 / Allies) Dark_destroy: shakira actualize
(04:09 / Allies) 13fr6: blue
(04:11 / Allies) 13fr6: creep w me
(04:12 / Allies) 13fr6: come
(05:37 / Allies) 13fr6: see that
(05:40 / Allies) 13fr6: im leading him away
(06:27 / Allies) Dark_destroy: look
(07:20 / All) 13fr6: yellow
(07:26 / All) 13fr6: we
(07:50 / Allies) 13fr6: lol
(07:52 / Allies) 13fr6: am so low health
(08:58 / Allies) 13fr6: teal
(09:01 / Allies) 13fr6: get out of there
(09:03 / Allies) 13fr6: get out
(09:08 / Allies) 13fr6: aw fuck
(09:10 / Allies) 13fr6: bad advice lol
(09:13 / Allies) 13fr6: sould have stayed
(09:32 / Allies) shakira: wooood
(10:18 / Allies) 13fr6: wood pls
(10:47 / Allies) 13fr6: teal u need more wells
(11:02 / Allies) 13fr6: and send me some wood
(11:28 / Allies) 13fr6: omw
(12:05 / Allies) 13fr6: omw
(12:10 / Allies) 13fr6: guys send me some fucking wood goddamit
(12:29 / Allies) 13fr6: REPAIR
(13:18 / Allies) 13fr6: uh oh
(13:20 / Allies) 13fr6: green going bats
(13:21 / Allies) 13fr6: everyone tower up
(15:51 / Allies) TReNVaR: fuckerssss
(16:02 / Allies) 13fr6: wood
(18:03 / Allies) 13fr6: come blue
(18:52 / Allies) 13fr6: come blu
(19:02 / Allies) shakira: gold
(19:17 / Allies) TReNVaR: omggg
(19:29 / Allies) 13fr6: lollll
(21:16 / Allies) 13fr6: move
(23:07 / All) olokiolo2: gg